 Dungeon Crawl Stone Soup version 0.20-a0-187-ge5586d949a (webtiles) character file.

11692 mopl the Jinx (level 11, 52/52 HPs)
             Began as a Felid Enchanter on Nov 23, 2016.
             Was a High Priest of Ashenzari.
             Quit the game on level 6 of the Lair of Beasts.
             The game lasted 00:55:54 (19932 turns).

mopl the Jinx (Felid Enchanter)                    Turns: 19932, Time: 00:55:55

Health: 52/52      AC:  3    Str:  4    XL:     11   Next: 52%
Magic:  25/25      EV: 27    Int: 23    God:    Ashenzari [*****.]
Gold:   631        SH:  0    Dex: 18    Spells: 0/16 levels left
                                        Lives:  0   Deaths: 3

rFire  x . .     SeeInvis +       - Unarmed
rCold  + + .     Gourm    .     (armour unavailable)
rNeg   . . .     Faith    .     (shield unavailable)
rPois  +         Spirit   .     (helmet unavailable)
rElec  .         Reflect  .     (cloak unavailable)
rCorr  .         Harm     .     (gloves unavailable)
MR     ++...     Clarity  +     (boots unavailable)
Stlth  ++++++....               T - amulet of regeneration (curse)
                                C - ring "Serorgh Miwk" {Ice rPois MR+ Int+3}
                                u - ring of magical power (curse)

@: repel missiles, quick
A: no armour, no weapons or thrown items, stealth, claws 1, fangs 3, see
invisible, carnivore 3, speed 1, shaggy fur 3, slow metabolism 1, wild magic 1,
sharp paws
a: Curse Item, Scrying, Transfer Knowledge, Renounce Religion


You were on level 6 of the Lair of Beasts.
You worshipped Ashenzari.
Ashenzari was extremely pleased with you.
You were not hungry.

You visited 3 branches of the dungeon, and saw 17 of its levels.
You also visited: Ice Cave.

You collected 1205 gold pieces.
You spent 574 gold pieces at shops.

Inventory:

Jewellery
 k - an uncursed ring of resist corrosion
 u - a cursed ring of magical power (left paw)
 C - the ring "Serorgh Miwk" (right paw) {Ice rPois MR+ Int+3}
   (You found it on level 8 of the Dungeon)

   [ring of ice]

   It enhances your ice magic.
   It affects your intelligence (+3).
   It makes you vulnerable to fire.
   It protects you from cold.
   It protects you from poison.
   It affects your resistance to hostile enchantments.
 J - an uncursed amulet of magic regeneration
 L - the ring "Amamaof" {AC+4 Str+5}
   (You found it on level 8 of the Dungeon)

   [ring of protection]

   It affects your AC (+4).
   It affects your strength (+5).
 M - an uncursed ring of flight
 O - a +5 ring of evasion
 T - a cursed amulet of regeneration (around neck)
 V - the cursed ring of Panentheism {rF+ Str-2 Dex+4 Slay+3}
   (You found it on level 1 of the Lair of Beasts)

   [ring of strength]

   It affects your strength (-2).
   It affects your dexterity (+4).
   It affects your accuracy and damage with ranged weapons and melee attacks
   (+3).
   It protects you from fire.
   It has a curse placed upon it.
 Y - an uncursed ring of protection from cold
Wands
 i - a wand of lightning (5/15)
 o - a wand of acid (7/15)
 s - a wand of polymorph (9/24)
 z - a wand of digging (5/24)
 A - a wand of polymorph (2/24)
 D - a wand of enslavement (12/24)
 F - a wand of paralysis (15/24)
 P - a wand of iceblast (7/15)
 Q - a wand of teleportation (4/9)
 U - a wand of acid (6/15)
Scrolls
 a - a scroll of summoning {unknown}
 c - 14 scrolls of teleportation
 g - 10 scrolls of remove curse
 l - 4 scrolls of noise {unknown}
 m - a scroll of brand weapon {unknown}
 q - 2 scrolls of fear {unknown}
 r - a scroll of fog {unknown}
 t - 2 scrolls of immolation {unknown}
 v - 5 scrolls of random uselessness {unknown}
 y - 3 scrolls of blinking {unknown}
 B - a scroll of vulnerability
 I - a scroll of holy word
 N - a scroll of recharging
 R - 2 scrolls of magic mapping
 S - 2 scrolls of silence {!r}
Potions
 d - a potion of flight
 f - 5 potions of cancellation
 h - 3 potions of heal wounds
 j - 2 potions of berserk rage {!q}
 n - 4 potions of ambrosia
 p - 8 potions of curing {unknown}
 w - a potion of haste
 E - a potion of magic
 G - a potion of resistance
 W - 3 potions of lignification {!q}
Miscellaneous
 e - a lamp of fire
Comestibles
 b - 7 meat rations
 x - 9 chunks of flesh
 K - 2 beef jerkies


   Skills:
 + Level 8.7 Fighting
 + Level 11.1 Dodging
 - Level 14.0 Stealth
 * Level 11.9 Unarmed Combat
 - Level 3.0 Spellcasting
 - Level 6.0(8.7) Conjurations
 - Level 14.0(16.2) Hexes
 - Level 4.0(6.5) Charms
 - Level 3.0(5.3) Translocations
 - Level 4.0(6.5) Ice Magic
 - Level 4.0(6.5) Air Magic


You couldn't memorise any spells.
You knew the following spells:

 Your Spells              Type           Power        Failure   Level  Hunger
a - Corona                Hex            #######      1%          1    None
b - Ensorcelled Hibernat  Hex/Ice        ######       1%          2    ##.....
c - Confuse               Hex            #######.     1%          3    ###....
d - Tukima's Dance        Hex            #######.     1%          3    ###....
e - Blink                 Tloc           N/A          3%          2    ##.....
g - Dazzling Spray        Conj/Hex       ######       1%          3    ###....
i - Repel Missiles        Chrm/Air       #####.       2%          2    ##.....


Dungeon Overview and Level Annotations

Branches:
Dungeon (10/15)            Temple (1/1) D:6            Lair (6/6) D:8
  Swamp (0/4) Lair:4        Snake (0/4) Lair:3        Slime (0/5) Lair:5
    Orc (0/2) D:10

Altars:
Ashenzari
Cheibriados
Dithmenos
Elyvilon
Fedhas
Gozag
Hepliaklqana
Kikubaaqudgha
Makhleb
Nemelex Xobeh
Okawaru
Qazlal
Sif Muna
Trog
Uskayaw
Vehumet
Xom
Yredelemnul
Zin
The Shining One

Shops:
D:6 [   D:9 *}(


Innate Abilities, Weirdness & Mutations

You cannot wear armour.
You are incapable of wielding weapons or throwing items.
Your paws allow you to move quietly. (Stealth)
You have sharp claws.
You have razor-sharp teeth.
You have supernaturally acute eyesight. (SInv)
You are carnivorous and can eat meat at any time.
You cover ground quickly.
Your thick and shaggy fur keeps you warm. (AC +3, rC+)
You have a slow metabolism.
Your sharp claws are effective at attacking unaware monsters.
Your spells are a little harder to cast, but a little more powerful.


Message History

Casting: Dazzling Spray
Confirm with . or Enter, or press ? or * to list all spells.
Aiming: Dazzling Spray
Press: ? - help, Shift-Dir - straight line, f/p - spriggan rider
Aim: a spriggan rider, wielding a spear and wearing a buckler (moderately wounded)
The spriggan rider blocks the spray of energy.
The spriggan rider misses you.
Casting: Dazzling Spray
Confirm with . or Enter, or press ? or * to list all spells.
Aiming: Dazzling Spray
Press: ? - help, Shift-Dir - straight line, f/p - spriggan rider
Aim: a spriggan rider, wielding a spear and wearing a buckler (moderately wounded)
You miscast Dazzling Spray.
You are very lightly contaminated with residual magic.
You are momentarily dazzled by a flash of light!
The spriggan rider hits you from afar with a spear!
You die...
You are now level 11!
You rejoin the land of the living...
Are you sure you want to abandon this character and quit the game? (Confirm with "yes".)

# ######## ...#...#### ######
..........######@##.# *#
.≈≈≈................## ### ##.
.≈P≈.................###.# #.#
.≈≈≈...................#.### #..
...........................# ##.
..........................## #.#
..........................P#####.
.....................).....##.###
..................PP.......#..#.#


There were no monsters in sight!

Vanquished Creatures
  A frost giant (IceCv)
  Josephine (Lair:6)
  A death yak (IceCv)
  An unseen horror (D:10)
  A hill giant (D:10)
  A salamander (Lair:6)
  An ice statue (IceCv)
  3 black mambas
  10 spiny frogs
  4 elephants (Lair:2)
  A molten gargoyle (Lair:6)
  A torpor snail (Lair:4)
  3 rime drakes
  3 komodo dragons
  A troll (D:9)
  15 polar bears
  17 blink frogs
  Prince Ribbit (D:8)
  A two-headed ogre (D:9)
  9 hippogriffs
  A dream sheep (Lair:6)
  6 spriggans (Lair:6)
  3 wraiths (Lair:6)
  A wyvern (D:10)
  45 yaks
  A basilisk (Lair:4)
  3 hungry ghosts (D:10)
  3 vampire mosquitoes (Lair:4)
  A naga (Lair:3)
  Edmund (D:6)
  8 water moccasins
  5 porcupines
  The ghost of murphy the Skirmisher, an amateur MiBe of Trog (D:3)
  5 black bears
  3 sky beasts
  An orc warrior (D:4)
  3 ice beasts
  2 phantoms
  2 boggarts (Lair:6)
  44 wolves
  7 ogres
  3 centaurs
  7 crocodiles
  2 big kobolds
  16 bullfrogs
  3 scorpions
  2 troll zombies (D:10)
  12 killer bees
  9 wights
  3 crimson imps
  A bullfrog zombie (D:9)
  4 orc priests
  A bullfrog skeleton (D:9)
  3 hounds (D:4)
  7 jellies
  8 orc wizards
  4 iguanas
  6 worker ants
  6 ogre zombies (D:10)
  A worker ant zombie (D:8)
  Robin (D:4)
  11 adders
  A shadow imp (D:9)
  9 oozes
  2 worms
  2 dart slugs
  11 leopard geckos
  29 orcs
  6 bats
  3 giant cockroaches
  23 goblins
  12 hobgoblins
  9 jackals
  21 kobolds
  A quokka (D:6)
  3 frilled lizards
  A goblin skeleton (D:10)
  4 goblin zombies (D:10)
  A hobgoblin skeleton (D:10)
  4 hobgoblin zombies (D:10)
  A jackal skeleton (D:7)
  15 orc zombies (D:10)
  2 quokka skeletons
  5 rats
497 creatures vanquished.

Vanquished Creatures (collateral kills)
  A hill giant (D:8)
1 creature vanquished.

Vanquished Creatures (others)
  A dancing weapon (IceCv)
  A fire vortex (Lair:3)
  6 fungi
  3 plants (Lair:1)
11 creatures vanquished.

Grand Total: 509 creatures vanquished

Notes
Turn   | Place    | Note
-------+----------+-------------------------------------------
     0 | D:1      | mopl the Felid Enchanter began the quest for the Orb.
     0 | D:1      | Reached XP level 1. HP: 7/7 MP: 4/4
   109 | D:1      | Reached XP level 2. HP: 9/11 MP: 6/6
   113 | D:1      | Learned a level 2 spell: Ensorcelled Hibernation
   345 | D:1      | Reached skill level 5 in Hexes
   516 | D:2      | Reached XP level 3. HP: 6/14 MP: 4/7
   521 | D:2      | Learned a level 3 spell: Confuse
   711 | D:2      | Found a snail-covered altar of Cheibriados.
   728 | D:2      | Reached skill level 5 in Stealth
  1251 | D:2      | Reached skill level 1 in Ice Magic
  1272 | D:2      | Found a deep blue altar of Sif Muna.
  1365 | D:2      | Reached XP level 4. HP: 18/18 MP: 5/8
  1390 | D:2      | Found a blossoming altar of Fedhas.
  2268 | D:3      | Found a sparkling altar of Nemelex Xobeh.
  2799 | D:3      | Reached skill level 6 in Stealth
  2799 | D:3      | Reached skill level 6 in Hexes
  2799 | D:3      | Reached XP level 5. HP: 21/21 MP: 9/9
  2946 | D:3      | Noticed murphy's ghost (amateur MiBe)
  2962 | D:3      | Killed murphy's ghost
  3655 | D:4      | Found a hazy altar of Hepliaklqana.
  3667 | D:4      | Gained mutation: You are covered in thick fur. (AC +2) [Felid growth]
  3667 | D:4      | Reached XP level 6. HP: 20/24 MP: 5/10
  3669 | D:4      | Reached skill level 2 in Ice Magic
  3886 | D:4      | Reached skill level 7 in Stealth
  3908 | D:4      | Reached skill level 7 in Hexes
  4131 | D:4      | Learned a level 3 spell: Dazzling Spray
  4403 | D:4      | Found a bloodstained altar of Trog.
  4423 | D:4      | Found an ancient bone altar of Kikubaaqudgha.
  4755 | D:4      | Reached skill level 3 in Spellcasting
  4816 | D:4      | Noticed Robin
  4978 | D:4      | Killed Robin
  5078 | D:4      | Reached XP level 7. HP: 22/27 MP: 12/12
  5264 | D:4      | Learned a level 3 spell: Tukima's Dance
  5866 | D:5      | Entered Level 5 of the Dungeon
  5930 | D:5      | Reached skill level 8 in Hexes
  6033 | D:4      | Reached skill level 8 in Stealth
  6036 | D:4      | Reached skill level 3 in Ice Magic
  6810 | D:5      | Reached skill level 2 in Unarmed Combat
  7166 | D:5      | Reached skill level 1 in Conjurations
  7230 | D:5      | Found a shadowy altar of Dithmenos.
  7421 | D:6      | Found a staircase to the Ecumenical Temple.
  7442 | D:6      | Reached XP level 8. HP: 31/31 MP: 11/13
  7446 | D:6      | Reached skill level 9 in Stealth
  7446 | D:6      | Reached skill level 9 in Hexes
  7462 | Temple   | Entered the Ecumenical Temple
  7498 | Temple   | Became a worshipper of Ashenzari the Shackled
  7562 | D:6      | Found Zuguugush's Armour Shop.
  7778 | D:6      | Noticed Edmund
  7784 | D:6      | Killed Edmund
  7878 | D:6      | Reached skill level 2 in Conjurations
  7964 | D:6      | Reached skill level 3 in Unarmed Combat
  8040 | D:6      | Found an iron altar of Okawaru.
  8071 | D:6      | Reached skill level 10 in Stealth
  8071 | D:6      | Reached skill level 10 in Hexes
  8359 | D:7      | Reached XP level 9. HP: 28/34 MP: 14/14
  8503 | D:7      | Found an opulent altar of Gozag.
  8567 | D:7      | Reached skill level 11 in Stealth
  8567 | D:7      | Reached skill level 3 in Conjurations
  8586 | D:7      | Reached * piety under Ashenzari
  8716 | D:7      | Reached skill level 11 in Hexes
  8773 | D:7      | Reached skill level 3 in Dodging
  8773 | D:7      | Reached skill level 4 in Unarmed Combat
  8901 | D:7      | Reached skill level 1 in Fighting
  9060 | D:8      | Identified the ring "Serorgh Miwk" {Ice rPois MR+ Int+3}
  9081 | D:8      | Noticed Prince Ribbit
  9092 | D:8      | Killed Prince Ribbit
  9169 | D:8      | Found a staircase to the Lair.
  9188 | D:8      | Found a radiant altar of Vehumet.
  9198 | D:8      | Noticed a hill giant
  9266 | D:8      | Killed a hill giant
  9266 | D:8      | Reached skill level 5 in Unarmed Combat
  9513 | D:8      | Reached skill level 4 in Dodging
  9563 | D:8      | Found a stormy altar of Qazlal.
  9601 | D:8      | Identified the ring "Amamaof" {AC+4 Str+5}
  9707 | D:8      | Reached skill level 2 in Fighting
  9711 | D:8      | Reached skill level 12 in Stealth
  9933 | D:9      | Found a radiant altar of Vehumet.
 10014 | D:9      | Found Vennos's Antique Weapon Shoppe.
 10081 | D:9      | Reached skill level 12 in Hexes
 10081 | D:9      | Reached XP level 10. HP: 40/40 MP: 15/15
 10372 | D:9      | Reached skill level 5 in Dodging
 10387 | D:9      | Reached skill level 3 in Fighting
 10698 | D:9      | Found Dewkysog's Gadget Shoppe.
 10983 | D:9      | Reached skill level 6 in Unarmed Combat
 10992 | D:9      | Found Gakleb's General Store.
 10998 | D:9      | Bought a scroll of holy word for 105 gold pieces
 10998 | D:9      | Bought a potion of heal wounds for 70 gold pieces
 10998 | D:9      | Bought a scroll of recharging for 133 gold pieces
 10998 | D:9      | Bought a scroll of amnesia for 49 gold pieces
 10998 | D:9      | Bought a scroll of enchant weapon for 105 gold pieces
 10998 | D:9      | Bought a potion of ambrosia for 112 gold pieces
 11091 | D:9      | Found a white marble altar of Elyvilon.
 11168 | D:10     | Entered Level 10 of the Dungeon
 11202 | D:10     | Reached ** piety under Ashenzari
 11285 | D:10     | Found a staircase to the Orcish Mines.
 11498 | D:10     | Reached skill level 13 in Stealth
 11520 | D:10     | Reached skill level 13 in Hexes
 11833 | D:10     | Learned a level 2 spell: Blink
 11856 | D:10     | Reached skill level 4 in Fighting
 12007 | D:10     | Reached skill level 6 in Dodging
 12111 | D:10     | Noticed a hill giant
 12115 | D:10     | Killed a hill giant
 12115 | D:10     | Reached skill level 1 in Translocations
 12419 | D:10     | Reached XP level 11. HP: 41/46 MP: 16/16
 12598 | D:10     | Noticed an unseen horror
 12604 | D:10     | Killed an unseen horror
 12604 | D:10     | Reached skill level 2 in Translocations
 12635 | D:10     | Reached skill level 7 in Unarmed Combat
 12769 | Lair:1   | Entered Level 1 of the Lair of Beasts
 12850 | Lair:1   | Reached skill level 3 in Translocations
 12879 | Lair:1   | Learned a level 2 spell: Repel Missiles
 12929 | Lair:1   | Reached skill level 5 in Fighting
 12982 | Lair:1   | Slain by a spiny frog
 12983 | Lair:1   | Reached XP level 10. HP: -2/44 MP: 0/24
 13092 | Lair:1   | Identified the cursed ring of Panentheism {rF+ Str-2 Dex+4 Slay+3}
 13123 | Lair:1   | Reached skill level 1 in Charms
 13150 | Lair:1   | Killed a spiny frog
 13150 | Lair:1   | Reached skill level 7 in Dodging
 13150 | Lair:1   | Reached skill level 14 in Hexes
 13597 | Lair:2   | Noticed a spiny frog
 13613 | Lair:2   | Killed a spiny frog
 13636 | Lair:2   | Noticed an elephant
 13642 | Lair:2   | Noticed an elephant
 13644 | Lair:2   | Killed an elephant
 13644 | Lair:2   | Reached skill level 14 in Stealth
 13647 | Lair:2   | Noticed an elephant
 13653 | Lair:2   | Noticed an elephant
 13653 | Lair:2   | Killed an elephant
 13653 | Lair:2   | Reached skill level 2 in Charms
 13730 | Lair:2   | Found a frozen archway.
 13731 | Lair:2   | Reached *** piety under Ashenzari
 13750 | Lair:2   | Reached XP level 11. HP: 41/48 MP: 12/16
 13752 | Lair:2   | Reached skill level 8 in Unarmed Combat
 13757 | IceCv    | Entered an ice cave
 13802 | IceCv    | Reached skill level 1 in Air Magic
 13904 | IceCv    | Reached skill level 3 in Charms
 14001 | IceCv    | Reached skill level 4 in Ice Magic
 14010 | IceCv    | Reached skill level 2 in Air Magic
 14022 | IceCv    | Reached skill level 8 in Dodging
 14194 | IceCv    | Noticed a death yak
 14236 | IceCv    | Killed a death yak
 14439 | IceCv    | Reached skill level 4 in Charms
 14587 | IceCv    | Reached skill level 6 in Fighting
 14597 | IceCv    | Reached skill level 9 in Unarmed Combat
 15362 | IceCv    | Noticed a frost giant
 15383 | IceCv    | Reached skill level 3 in Air Magic
 15510 | IceCv    | Gained mutation: Your thick and shaggy fur keeps you warm. (AC +3, rC+) [Felid growth]
 15510 | IceCv    | Reached XP level 12. HP: 53/53 MP: 17/17
 15540 | IceCv    | Reached skill level 9 in Dodging
 15540 | IceCv    | Reached skill level 4 in Conjurations
 15630 | IceCv    | Killed a frost giant
 15892 | Lair:2   | Reached skill level 10 in Unarmed Combat
 15942 | Lair:2   | Reached skill level 7 in Fighting
 16102 | Lair:2   | Reached skill level 4 in Air Magic
 16840 | Lair:3   | Found a staircase to the Snake Pit.
 16902 | Lair:3   | Reached **** piety under Ashenzari
 17450 | Lair:4   | Found a staircase to the Swamp.
 17472 | Lair:4   | Reached skill level 5 in Conjurations
 17729 | Lair:4   | Gained mutation: Your spells are a little harder to cast, but a little more powerful. [potion of beneficial mutation]
 17855 | Lair:4   | Reached skill level 10 in Dodging
 18064 | Lair:5   | Found a staircase to the Slime Pits.
 18343 | Lair:5   | Reached skill level 11 in Unarmed Combat
 18352 | Lair:5   | Reached XP level 13. HP: 58/58 MP: 18/18
 18501 | Lair:5   | Reached ***** piety under Ashenzari
 18530 | Lair:5   | Reached skill level 8 in Fighting
 19011 | Lair:6   | Entered Level 6 of the Lair of Beasts
 19201 | Lair:6   | Reached skill level 6 in Conjurations
 19801 | Lair:6   | Reached skill level 11 in Dodging
 19801 | Lair:6   | Mangled by a spriggan rider
 19802 | Lair:6   | Reached XP level 12. HP: -8/56 MP: 5/26
 19809 | Lair:6   | Noticed Josephine
 19820 | Lair:6   | Killed Josephine
 19931 | Lair:6   | Slain by a spriggan rider
 19932 | Lair:6   | Reached XP level 11. HP: -2/52 MP: 0/25
 19932 | Lair:6   | Quit the game

Vault maps used:
D:1:      lightli_iron_boxes
D:2:      nicolae_overflow_hidden_temple, kennysheep_slug_shrine
D:3:      nemelex_dance_club_becter
D:4:      kennysheep_goblin_castle, nicolae_overflow_crystal_walls,
          lemuel_doored_altar, lightli_temple_of_fire, first_bread,
          kennysheep_generic_room_16
D:5:      nicolae_dithmenos_the_darkroom
D:6:      serial_shops, shop, okawaru_ov_weapons_minmay, uniq_edmund
D:7:      grunt_gozag_breadcrumbs
D:8:      black_bear_nest_1, old_standard_altar, lair_entry_dummy,
          serial_corexii_hall, corexii_hall_statues_l,
          corexii_hall_statues_deadend, basic_altar, uniq_prince_ribbit1
D:9:      marbit_many_paths, lemuel_crystal_altar, serial_shops, shop_fountains,
          shop, shop, hangedman_little_slice_of_home
D:10:     zombieorc2_lemuel
Temple:   jpeg_temple_island
Lair:1:   grunt_megastairs_2, lemuel_fruit_tree
Lair:2:   portal_ice_cave_rime, minivault_24, minivault_23, st_stairs_7,
          grunt_megastairs_1, lemuel_fruit_fields
Lair:3:   guppyfry_snake_entry_island
Lair:4:   minmay_swamp_entry_swarm
Lair:5:   minmay_slime_entry_pillars
Lair:6:   minmay_lair_end_enchanted_forest, uniq_josephine
IceCv:    ice_cave_caverns_01

Skill      XL: |  1  2  3  4  5  6  7  8  9 10 11 12 13 |
---------------+----------------------------------------+-----
Hexes          | 5 6 7 8 10 12 14 | 14.0
Stealth        | 5 6 7 8 10 12 14 | 14.0
Ice Magic      | 1 2 3 4 |  4.0
Spellcasting   | 3 |  3.0
Unarmed Combat | 2 3 5 6 9 11 | 11.9
Conjurations   | 1 2 3 5 6 |  6.0
Dodging        | 4 7 8 10 11 | 11.1
Fighting       | 2 4 6 7 8 |  8.7
Translocations | 1 3 |  3.0
Charms         | 2 4 |  4.0
Air Magic      | 3 4 |  4.0

Action                   |  1- 3 |  4- 6 |  7- 9 | 10-12 | 13-15 || total
-------------------------+-------+-------+-------+-------+-------++-------
Melee: Unarmed           |    97 |   171 |   196 |   550 |    87 ||  1101
       Bite              |     2 |    16 |     8 |    39 |     4 ||    69
       Punch             |       |       |     1 |     7 |     1 ||     9
 Cast: Corona            |     2 |       |     1 |     4 |       ||     7
       Ensorcelled Hiber |    18 |    49 |   102 |   215 |    41 ||   425
       Confuse           |     1 |     2 |     7 |    45 |    11 ||    66
       Tukima's Dance    |       |       |     2 |     2 |       ||     4
       Dazzling Spray    |       |       |       |    42 |    18 ||    60
       Repel Missiles    |       |       |       |     1 |       ||     1
Invok: Curse Item        |       |       |     1 |     1 |       ||     2
Evoke: Wand              |       |       |       |    23 |       ||    23
       Lamp of fire      |       |       |       |     1 |       ||     1
  Use: Scroll            |       |     2 |     4 |    11 |     2 ||    19
       Potion            |       |       |     1 |     1 |     1 ||     3
 Stab: Sleeping          |    30 |    35 |    90 |   172 |    26 ||   353
       Distracted        |     1 |     1 |     1 |     2 |       ||     5
       Confused          |       |     5 |     5 |    29 |     5 ||    44
       Invisible         |       |       |       |    16 |     2 ||    18
  Eat: Chunk             |    10 |    10 |    14 |    44 |     6 ||    84
Armor: Skin              |     7 |    12 |    10 |     9 |     4 ||    42
Dodge: Dodged            |    86 |   125 |   140 |   406 |   121 ||   878
       Deflected         |       |       |       |     2 |     1 ||     3
